 Dungeon Crawl Stone Soup version 0.29.1-12-g30fa7ad0bf (webtiles) character file.

Game seed: 10702939457561490032

5086 LustLizard the Cleaver (level 10, -5/88 HPs)
             Began as a Minotaur Monk on Jan 4, 2023.
             Was a High Priest of Cheibriados.
             Slain by an unseen horror (9 damage)
             ... on level 10 of the Dungeon.
             The game lasted 00:12:59 (7640 turns).

LustLizard the Cleaver (Minotaur Monk)              Turns: 7640, Time: 00:13:00

Health: -5/88      AC: 13    Str: 31    XL:     10   Next: 31%
Magic:  13/13      EV: 13    Int: 18    God:    Cheibriados [*****.]
Gold:   379        SH:  0    Dex: 24    Spells: 9/9 levels left

rFire   . . .      SeeInvis .   E - +0 broad axe
rCold   . . .      Faith    .   (no shield)
rNeg    . . .      Spirit   .   C - +0 plate armour
rPois   .          Reflect  .   (helmet restricted)
rElec   .          Harm     .   (no cloak)
rCorr   .          Rampage  .   (no gloves)
Will    .....                   (no boots)
Stlth   ..........              (no amulet)
HPRegen 0.24/turn               (no ring)
MPRegen 0.13/turn               (no ring)

@: very slow
A: horns 2, retaliatory headbutt
a: Renounce Religion, Bend Time, Temporal Distortion, Slouch, Step From Time


You were on level 10 of the Dungeon.
You worshipped Cheibriados.
Cheibriados was extremely pleased with you.
You visited 1 branch of the dungeon, and saw 8 of its levels.

You collected 379 gold pieces.

Inventory:

Hand Weapons
 a - a +0 hand axe
 E - a +0 broad axe (weapon)
Missiles
 g - 5 boomerangs
 h - 12 stones
 l - 28 poisoned darts (quivered)
 x - a throwing net
Armour
 C - a +0 plate armour (worn)
Jewellery
 w - a ring of ice
Wands
 e - a wand of polymorph (10)
 r - a wand of flame (72)
 A - a wand of roots (6)
Scrolls
 b - a scroll of acquirement {unknown}
 c - a scroll of vulnerability {unknown}
 d - 8 scrolls of teleportation
 f - 5 scrolls of immolation
 k - a scroll of torment {unknown}
 m - 2 scrolls of noise {unknown}
 o - 3 scrolls of fog {unknown}
 p - 3 scrolls of identify
 q - a scroll of magic mapping
 v - a scroll of poison {unknown}
 y - a scroll of enchant weapon {unknown}
 D - 2 scrolls of amnesia {unknown}
Potions
 j - 2 potions of mutation
 n - 4 potions of lignification
 s - 2 potions of attraction
 t - a potion of resistance
 u - 3 potions of might
 z - 3 potions of brilliance
 B - a potion of cancellation


   Skills:
 + Level 8.0 Fighting
 * Level 10.7 Axes
 + Level 5.6 Throwing
 + Level 6.6 Armour
 + Level 6.9 Dodging
 - Level 1.5 Stealth
 + Level 5.4 Invocations


You had 9 spell levels left.
You didn't know any spells.
Your spell library contained the following spells:

 Spells                   Type           Power      Damage    Failure   Level
 Ozocubu's Armour         Ice            0%         N/A       99%         3
 Ozocubu's Refrigeration  Ice            0%         4d7       100%        7


Dungeon Overview and Level Annotations

Branches:
Dungeon (7/15)             Temple (0/1) D:4

Altars:
Cheibriados
Dithmenos
Elyvilon
Fedhas
Nemelex Xobeh
Ru
Sif Muna
Uskayaw
Vehumet
Wu Jian
Yredelemnul

Annotations:
D:5 3 runed translucent doors, croobank's ghost, weakling OpDe; gdog's ghost, weakling GnDe; wingedge's ghost, novice OgFE


Innate Abilities, Weirdness & Mutations

You have a pair of horns on your head.
You reflexively headbutt those who attack you in melee.


Message History

Something hits you. Something hits you. Something hits you but does no damage.
A yak comes into view.
The yak bellows!
Something hits you but does no damage. Something hits you.
Something hits you but does no damage. Something hits you.
You slash the yak! You headbutt the yak, but do no damage.
The yak is moderately wounded.
Something hits you but does no damage. The yak gores you.
You hit the yak but do no damage.
The yak is moderately wounded.
You hit something. Something hits you. The yak gores you!
* * * LOW HITPOINT WARNING * * *
You barely miss the yak.
The yak is moderately wounded.
Something hits you.
* * * LOW HITPOINT WARNING * * *
The yak gores you!
* * * LOW HITPOINT WARNING * * *
Okay, then.
Okay, then.
You hit the yak.
The yak is moderately wounded.
You miss something. Something hits you but does no damage.
The yak gores you but does no damage.
You hit the yak but do no damage.
The yak is moderately wounded.
You miss something. Something hits you.
* * * LOW HITPOINT WARNING * * *
The yak gores you.
* * * LOW HITPOINT WARNING * * *
Unknown command.
You slice the yak!!
You kill the yak!
Cheibriados appreciates the change of pace.
You can now step out of the flow of time.
Cheibriados raises the support of your attributes as your movement slows.
You hit something. Something hits you!
You die...

#...#...)..#
#..,#......#####
****#.....))...##
,,.......#####..##
,........#*#*#...###
>..#.#.#.#.#.#.#.#.##
,....O..............#
,,.#.#.#.#.#.#.#.#.##
,,,..,,.........@...#
,,,*,*,*,#.#.#.#.#.##
,,,,,,,,............#
,,,*,*,#.#.#.#.#.#.##
***,,,,......<......*
**,*,*.#.#.#.#.#,##
*,,,,,,....,,...,,*
**,*,*,*.#,*,#.#,**
***********,,*****


There were no monsters in sight!

Vanquished Creatures
  Fannar (D:10)
  Erolcha (D:10)
  A two-headed ogre (D:10)
  Pikel (D:6)
  A kobold demonologist (D:10)
  Grinder (D:4)
  Sigmund (D:6)
  A wyvern (D:7)
  A yak (D:10)
  A steam dragon (D:7)
  Menkaure (D:5)
  Edmund (D:6)
  3 black bears
  A sky beast (D:6)
  2 phantoms (D:5)
  A lemure (D:6)
  A kobold brigand (D:6)
  Blork the orc (D:5)
  A bullfrog (D:7)
  A gnoll sergeant (D:10)
  A scorpion (D:5)
  2 howler monkeys
  4 orc priests
  4 hounds
  A jelly (D:6)
  Natasha (thrice) (D:2)
  5 orc wizards
  3 iguanas
  11 adders
  4 gnolls (D:3)
  3 ufetubi
  3 worms
  6 dart slugs
  8 orcs
  9 endoplasms
  2 giant cockroaches (D:1)
  9 goblins
  9 hobgoblins
  9 jackals
  4 quokkas
  7 ball pythons
  2 bats (D:1)
  A frilled lizard (D:1)
  11 kobolds
  7 rats
151 creatures vanquished.

Notes
Turn   | Place    | Note
-------+----------+-------------------------------------------
     0 | D:1      | LustLizard the Minotaur Monk began the quest for the Orb.
     0 | D:1      | Reached XP level 1. HP: 19/19 MP: 0/0
   129 | D:1      | Reached skill level 4 in Axes
   202 | D:1      | Found a faded altar of an unknown god.
   205 | D:1      | Reached XP level 2. HP: 27/27 MP: 1/1
   622 | D:1      | Reached XP level 3. HP: 33/33 MP: 2/2
   752 | D:1      | Reached skill level 1 in Throwing
  1236 | D:2      | Found a snail-covered altar of Cheibriados.
  1244 | D:2      | Became a worshipper of Cheibriados the Contemplative
  1244 | D:2      | Reached * piety under Cheibriados
  1244 | D:2      | Reached ** piety under Cheibriados
  1259 | D:2      | Reached skill level 5 in Axes
  1259 | D:2      | Reached XP level 4. HP: 41/41 MP: 3/3
  1555 | D:2      | Noticed Natasha
  1561 | D:2      | Killed Natasha
  1581 | D:2      | Noticed Natasha
  1748 | D:2      | Killed Natasha
  1749 | D:2      | Reached skill level 1 in Armour
  1754 | D:2      | Noticed Natasha
  1769 | D:2      | Killed Natasha
  1770 | D:2      | Reached XP level 5. HP: 7/47 MP: 4/4
  2299 | D:3      | Reached skill level 1 in Invocations
  2520 | D:3      | Reached XP level 6. HP: 44/55 MP: 4/6
  2674 | D:3      | Reached skill level 6 in Axes
  2677 | D:3      | Reached *** piety under Cheibriados
  2678 | D:3      | Reached skill level 5 in Fighting
  3280 | D:4      | Found a staircase to the Ecumenical Temple.
  3470 | D:4      | Noticed Grinder
  3489 | D:4      | Killed Grinder
  3490 | D:4      | Reached XP level 7. HP: 50/61 MP: 7/7
  3857 | D:5      | Entered Level 5 of the Dungeon
  3979 | D:5      | Reached skill level 7 in Axes
  4252 | D:5      | Noticed Blork the orc
  4267 | D:5      | Killed Blork the orc
  4466 | D:5      | Reached XP level 8. HP: 62/70 MP: 9/9
  4578 | D:5      | Found a runed translucent gate.
  4579 | D:5      | Found a runed translucent gate.
  4579 | D:5      | Found a runed translucent gate.
  4615 | D:5      | Noticed Menkaure
  4648 | D:5      | Killed Menkaure
  4650 | D:5      | Reached **** piety under Cheibriados
  5209 | D:5      | Noticed croobank's ghost (weakling OpDe)
  5209 | D:5      | Noticed wingedge's ghost (novice OgFE)
  5210 | D:5      | Noticed gdog's ghost (weakling GnDe)
  5351 | D:5      | Found a blossoming altar of Fedhas.
  5381 | D:5      | Reached skill level 5 in Dodging
  5618 | D:6      | Found a hide-covered altar of Uskayaw.
  5618 | D:6      | Found an ornate altar of the Wu Jian Council.
  5618 | D:6      | Found a shadowy altar of Dithmenos.
  5622 | D:6      | Noticed Sigmund
  5697 | D:6      | Found a shimmering blue altar of Sif Muna.
  5701 | D:6      | Found a sparkling altar of Nemelex Xobeh.
  5703 | D:6      | Found a radiant altar of Vehumet.
  5762 | D:6      | Reached skill level 8 in Axes
  6057 | D:6      | Noticed Pikel
  6072 | D:6      | Killed Pikel
  6073 | D:6      | Reached XP level 9. HP: 64/78 MP: 9/11
  6169 | D:6      | Killed Sigmund
  6170 | D:6      | Reached skill level 5 in Armour
  6201 | D:6      | Reached skill level 9 in Axes
  6408 | D:6      | Noticed Edmund
  6420 | D:6      | Killed Edmund
  6970 | D:7      | Found a sacrificial altar of Ru.
  7095 | D:7      | Found a white marble altar of Elyvilon.
  7213 | D:7      | Found a basalt altar of Yredelemnul.
  7311 | D:7      | You fall into a shaft and drop 3 floors!
  7311 | D:10     | Entered Level 10 of the Dungeon
  7329 | D:10     | Noticed Fannar
  7352 | D:10     | Killed Fannar
  7353 | D:10     | Reached skill level 10 in Axes
  7353 | D:10     | Reached skill level 5 in Throwing
  7506 | D:10     | Noticed Erolcha
  7506 | D:10     | Noticed a kobold demonologist
  7511 | D:10     | Killed Erolcha
  7512 | D:10     | Reached skill level 5 in Invocations
  7512 | D:10     | Reached XP level 10. HP: 41/88 MP: 12/12
  7520 | D:10     | Noticed a two-headed ogre
  7532 | D:10     | Killed a two-headed ogre
  7639 | D:10     | HP: 4/88 [yak (2)]
  7640 | D:10     | Reached ***** piety under Cheibriados
  7640 | D:10     | Slain by an unseen horror

Illustrated notes

Levels and vault maps discovered:
D:1:      lemuel_arrival_behind_the_door_small, layout_loops_corners,
          ebering_ecumenical_altar_rust, palyth_stone_intersect,
          minmay_box_of_dots
D:2:      layout_rooms, basic_altar, minmay_tripent, uniq_natasha
D:3:      kennysheep_big_flooded_room, layout_basic
D:4:      layout_basic, minmay_temple_entry_glass, uniq_grinder
D:5:      layout_layer_cave, mainiacjoe_overflow_six_doors_small,
          gammafunk_ghost_cemetery, uniq_menkaure, uniq_blork_the_orc
D:6:      layout_basic, grunt_temple_overflow_open, kennysheep_generic_room_13,
          uniq_edmund, uniq_pikel, uniq_sigmund
D:7:      layout_basic, kennysheep_ying_yang, mainiacjoe_overflow_paths
D:10:     layout_gridville, enter_bailey_8, minmay_misc_feat_diagonals,
          st_stairs_11, uniq_harold, uniq_fannar, uniq_erolcha

Skill      XL: |  1  2  3  4  5  6  7  8  9 10 |
---------------+-------------------------------+-----
Axes           | 4 5 6 7 8 10 | 10.7
Fighting       | 4 5 6 7 8 |  8.0
Throwing       | 1 2 3 4 5 |  5.6
Armour         | 1 2 3 4 6 |  6.6
Invocations    | 1 2 4 5 |  5.4
Dodging        | 4 5 6 |  6.9
Stealth        | |  1.5

Action                   |  1- 3 |  4- 6 |  7- 9 | 10-12 || total
-------------------------+-------+-------+-------+-------++-------
Melee: Hand axe          |    97 |   132 |   191 |       ||   420
       Headbutt          |    18 |    26 |    50 |     3 ||    97
       Punch             |       |     1 |     2 |       ||     3
       Broad axe         |       |       |    27 |    21 ||    48
Throw: Dart              |       |       |    16 |       ||    16
       Stone             |       |       |    28 |       ||    28
  Use: Scroll            |       |     1 |    11 |       ||    12
       Potion            |       |     2 |     3 |     1 ||     6
 Stab: Sleeping          |       |     3 |     2 |       ||     5
Armor: Scale mail        |    34 |    22 |       |       ||    56
       Robe              |     1 |       |       |       ||     1
       Leather armour    |       |    25 |    34 |       ||    59
       Plate armour      |       |       |    33 |    15 ||    48
Dodge: Dodged            |    70 |    73 |   134 |    12 ||   289
